 Dungeon Crawl Stone Soup version 0.30.0-10-gfe55d96785 (webtiles) character file.

Game seed: 16282737690995950784

729 Nebwen the Sneak (level 8, -4/57 (58) HPs)
             Began as a Human Brigand on May 13, 2023.
             Slain by a wight
             ... wielding a +7 short sword of freezing
              (14 damage)
             ... on level 6 of the Dungeon.
             The game lasted 00:11:56 (2417 turns).

Nebwen the Sneak (Human Brigand)                    Turns: 2417, Time: 00:11:57

HP:   -4/57 (58)    AC:  9    Str: 11    XL:     8   Next: 3%
MP:   11/11         EV: 11    Int: 14    God:
Gold: 122           SH:  0    Dex: 15    Spells: 11/11 levels left

rFire   . . .        a - +2 dagger
rCold   . . .        (no shield)
rNeg    . . .        l - +4 ring mail
rPois   .            (no helmet)
rElec   .            k - scarf {+Inv}
rCorr   .            (no gloves)
SInv    .            (no boots)
Will    .....        (no amulet)
Stlth   +            (no ring)
HPRegen 0.29/turn    (no ring)
MPRegen 0.12/turn

%: no passive effects
@: lightly drained, very slow
A: no striking features
a: Evoke Invisibility


You were on level 6 of the Dungeon.
You visited 1 branch of the dungeon, and saw 6 of its levels.
You also visited: Sewer.

You collected 122 gold pieces.

Inventory:

Hand Weapons
 a - a +2 dagger (weapon)
Missiles
 d - 16 poisoned darts (quivered)
 e - 3 curare-tipped darts
 r - 4 boomerangs
Armour
 c - a +0 cloak
 k - a scarf of invisibility (worn)
 l - a +4 ring mail (worn)
Jewellery
 q - a ring of flight
Wands
 b - a wand of flame (6)
Scrolls
 h - a scroll of poison
 j - a scroll of fog
 m - a scroll of vulnerability
Potions
 f - 3 potions of mutation {unknown}
 g - a potion of haste {unknown}
 i - 2 potions of flight {unknown}
 n - a potion of invisibility {unknown}
 o - 2 potions of resistance {unknown}
 p - a potion of cancellation {unknown}
 s - a potion of might {unknown}
 t - a potion of experience {unknown}
 u - a potion of magic {unknown}


   Skills:
 * Level 3.0 Fighting
 * Level 3.8 Short Blades
 * Level 3.0 Throwing
 * Level 2.6 Armour
 * Level 2.6 Dodging
 * Level 5.9 Stealth
 * Level 2.0 Spellcasting
 * Level 2.3 Evocations


You had 11 spell levels left.
You didn't know any spells.
Your spell library contained the following spells:

 Spells                   Type           Power      Damage    Failure   Level
 Sandblast                Erth           2%         2d4       47%         1
 Passwall                 Tmut/Erth      0%         N/A       63%         2
 Stone Arrow              Conj/Erth      2%         3d7       85%         3


Dungeon Overview and Level Annotations

Branches:
Dungeon (7/15)              Sewer (visited)
 Temple: D:4-7

Altars:

Shops:
D:6 *


Message History

Things that are here:
a +0 flail; a +0 robe You see here a rat skeleton.
Items here: )))) [[ ††††.
There is an open door, spattered with blood here.
There is an open door, spattered with blood here.
You enter the shallow water.
Moving in this stuff is going to be slow.
Items here: )))) [[ ††††.
You see here a rat skeleton.
Aiming: Throw Flame
Press: ? - help, Shift-Dir - straight line, f - wight
Aim: a wight, wielding a +1 spear and wearing a +0 robe (71% to hit)
Unknown command.
Aiming: Throw Flame
Press: ? - help, Shift-Dir - straight line, f/p - wight
Aim: a wight, wielding a +1 spear and wearing a +0 robe (steam, heavily damaged, 71% to hit)
The puff of flame hits the wight.
The wight is heavily damaged.
The wight is engulfed in a cloud of scalding steam.
You are engulfed in a cloud of scalding steam.
The wight hits you with a +7 short sword of freezing.
The wight freezes you.
The wight is engulfed in a cloud of scalding steam.
The wight hits you with a +1 spear. The wight attacks as you move away!
The wight hits you with a +1 spear.
The wight hits you from afar with a +1 spear.
You feel drained.
* * * LOW HITPOINT WARNING * * *
The wight closely misses you.
Aiming: Throw Flame
Press: ? - help, Shift-Dir - straight line, f - wight, p - wight
Aim: a wight, wielding a +7 short sword of freezing and wearing a +0 robe (71% to hit)
The puff of flame hits the wight.
The wight is moderately damaged.
You are engulfed in a cloud of scalding steam.
* * * LOW HITPOINT WARNING * * *
The wight is engulfed in a cloud of scalding steam.
The wight hits you with a +7 short sword of freezing!
You die...

*.###.z**,* #.†.....
*,....?,,,* #......≈
***#.#.##########.......
*****#...........##.......
*,......######z#.##.###...
*,......#~~~~#.#.##.# #...
*,......#~~~~#......# #..#
*,.....,#~zz)#.+#####*#...
*,...<.,#@~§z'.[....#,..##
**....,,#~~~÷#......#,,,*
*....,.######......#,,,**
*,,,,,(........[..##,,,,,
*,,,,,#...........#*,,,**
*,,,,,#.....>.....#******
*,,,,,#...........# *,
******#...........######.
##.................


You could see 3 wights.

Vanquished Creatures
  Sigmund (D:4)
  A kobold brigand (Sewer)
  A bullfrog (D:6)
  2 wights (D:6)
  A howler monkey (D:6)
  2 orc priests (D:6)
  Ijyb (D:3)
  8 river rats
  9 adders
  A shadow imp (D:6)
  A worm (D:2)
  4 orcs
  4 ball pythons
  4 endoplasms
  4 giant cockroaches
  A goblin (D:1)
  2 hobgoblins
  4 bats
  2 frilled lizards
  14 kobolds
  28 rats
95 creatures vanquished.

Notes
Turn   | Place    | Note
-------+----------+-------------------------------------------
     0 | D:1      | Nebwen the Human Brigand began the quest for the Orb.
     0 | D:1      | Reached XP level 1. HP: 16/16 MP: 1/1
   381 | D:1      | Reached XP level 2. HP: 21/22 MP: 2/2
   502 | D:2      | Reached XP level 3. HP: 22/27 MP: 3/3
   742 | D:3      | Noticed Ijyb
   753 | D:3      | Killed Ijyb
   754 | D:3      | Reached XP level 4. HP: 24/33 MP: 4/4
   794 | D:3      | Noticed Grinder
   799 | D:3      | Paralysed by Grinder for 3 turns
   939 | D:4      | Noticed Sigmund
   953 | D:4      | Killed Sigmund
   954 | D:4      | Reached skill level 1 in Armour
   954 | D:4      | Reached skill level 5 in Stealth
   954 | D:4      | Reached skill level 1 in Spellcasting
   954 | D:4      | Reached skill level 1 in Evocations
   954 | D:4      | Reached XP level 5. HP: 28/39 MP: 6/6
   954 | D:4      | Reached XP level 6. HP: 33/46 MP: 7/7
  1063 | D:4      | You fall into a shaft and drop 3 floors!
  1094 | D:6      | Found Kioxzoir's Elemental Accessories.
  1123 | D:6      | Found a glowing drain.
  1141 | Sewer    | Entered a sewer
  1297 | Sewer    | Reached XP level 7. HP: 25/51 MP: 9/9
  2393 | D:6      | Reached XP level 8. HP: 30/58 MP: 9/11
  2417 | D:6      | Slain by a wight

Illustrated notes

Levels and vault maps discovered:
D:1:      dpeg_arrival_tiny_a, layout_loops_corners, minivault_27,
          grunt_decor_clamped
D:2:      layout_basic, wad_floor_pattern_1, minmay_misc_feat_four_crosses,
          minmay_quadrilaterals, uniq_robin, uniq_crazy_yiuf_cottage,
          uniq_jessica
D:3:      layout_basic, uniq_grinder, uniq_ijyb
D:4:      layout_cave_pools, lightli_corner_chamber, uniq_sigmund
D:6:      layout_basic, portal_sewer_entry_c, nicolae_elemental_shop,
          hangedman_decor_opposing
D:7:      layout_loops_ring, minmay_manual_mares, uniq_pikel

Skill      XL: |  1  2  3  4  5  6  7 |
---------------+----------------------+-----
Short Blades   | 3 |  3.8
Armour         | 1 2 |  2.6
Stealth        | 5 |  5.9
Spellcasting   | 1 2 |  2.0
Evocations     | 1 2 |  2.3
Dodging        | 2 |  2.6
Fighting       | 3 |  3.0
Throwing       | 3 |  3.0

Action                     |  1- 3 |  4- 6 |  7- 9 || total
---------------------------+-------+-------+-------++-------
  Melee: Dagger            |    65 |    25 |    73 ||   163
  Throw: Dart              |     4 |     8 |       ||    12
  Evoke: Wand              |       |     9 |    28 ||    37
    Use: Scroll            |     5 |     4 |       ||     9
   Stab: Sleeping          |     5 |     5 |     3 ||    13
 Armour: Robe              |    12 |       |       ||    12
         Ring mail         |    16 |    36 |    59 ||   111
  Dodge: Dodged            |    65 |    27 |    67 ||   159
